 Dungeon Crawl Stone Soup version 0.31-a0-744-gbc345e7fcb (webtiles) character file.

Game seed: 8342880698379103104

596 pokeman the Thaumaturge (level 7, -6/34 (40) HPs)
             Began as a Deep Elf Hedge Wizard on Sept 14, 2023.
             Mangled by a wight
             ... wielding a +3 dire flail
              (8 damage)
             ... on level 6 of the Dungeon.
             The game lasted 00:07:06 (5207 turns).

pokeman the Thaumaturge (Deep Elf Hedge Wizard)     Turns: 5207, Time: 00:07:07

HP:   -6/34 (40)    AC:  3    Str:  7    XL:     7   Next: 17%
MP:   9/20          EV: 13    Int: 21    God:
Gold: 99            SH:  0    Dex: 14    Spells: 14/22 levels left

rFire   . . .        j - +0 dagger (venom)
rCold   . . .        (no shield)
rNeg    . . .        b - +0 robe
rPois   .            c - +0 hat
rElec   .            u - +0 cloak
rCorr   .            (no gloves)
SInv    .            (no boots)
Will    .....        (no amulet)
Stlth   ++           (no ring)
HPRegen 0.25/turn    (no ring)
MPRegen 0.17/turn

%: no passive effects
@: on blink cooldown, heavily drained
A: no striking features
a: no special abilities


You were on level 6 of the Dungeon.
You visited 1 branch of the dungeon, and saw 6 of its levels.

You collected 315 gold pieces.
You spent 216 gold pieces at shops.

Inventory:

Hand Weapons
 a - a +0 dagger
 j - a +0 dagger of venom (weapon)
 w - the +3 falchion "Bitzan" {flame, Fragile rPois Int+2}
   (You bought it in a shop on level 4 of the Dungeon)

   Int+2:     It affects your intelligence (+2).
   rPois:     It protects you from poison Fragile: It will be destroyed if
   unequipped.
Armour
 b - a +0 robe (worn)
 c - a +0 hat (worn)
 u - a +0 cloak (worn)
 v - a +1 ring mail of cold resistance
Jewellery
 q - an amulet of guardian spirit
Wands
 x - a wand of roots (12)
Scrolls
 e - a scroll of fear {unknown}
 f - 2 scrolls of blinking {unknown}
 h - 8 scrolls of identify {unknown}
 i - a scroll of fog {unknown}
 k - a scroll of amnesia {unknown}
 l - 3 scrolls of brand weapon {unknown}
 m - 2 scrolls of torment {unknown}
 n - 2 scrolls of revelation {unknown}
 p - a scroll of immolation {unknown}
 t - a scroll of noise {unknown}
Potions
 d - 3 potions of magic
 g - 2 potions of curing {unknown}
 o - a potion of resistance {unknown}
 r - a potion of enlightenment {unknown}
 s - a potion of attraction {unknown}
 z - a potion of mutation {unknown}
 A - a potion of ambrosia {unknown}


   Skills:
 - Level 2.0 Fighting
 + Level 1.2 Armour
 - Level 3.2 Dodging
 - Level 3.0 Stealth
 * Level 8.0 Spellcasting
 + Level 3.9 Conjurations
 - Level 1.1 Summonings
 - Level 1.1 Translocations
 - Level 1.0 Air Magic
 - Level 1.0 Poison Magic
 + Level 0.7 Evocations


You had 14 spell levels left.
You knew the following spells:

 Your Spells              Type           Power      Damage    Failure   Level
a - Magic Dart            Conj           96%        1d7       1%          1
b - Mephitic Cloud        Conj/Pois/Air  16%        N/A       11%         3
c - Call Imp              Summ           26%        N/A       8%          2
d - Blink                 Tloc           26%        N/A       8%          2

Your spell library contained the following spells:

 Spells                   Type           Power      Damage    Failure   Level
 Slow                     Hex            32%        N/A       8%          1
 Cigotuvi's Dreadful Rot  Necr/Pois/Air  22%        N/A       9%          2
 Frozen Ramparts          Ice            16%        1d3       24%         3
 Petrify                  Tmut/Erth      8%         N/A       61%         4
 Metabolic Englaciation   Hex/Ice        4%         N/A       91%         5


Dungeon Overview and Level Annotations

Branches:
Dungeon (6/15)
 Temple: D:4-7

Altars:
Cheibriados
Dithmenos
Qazlal
Xom
Zin

Shops:
D:4 (

Annotations:
D:4 Grinder


Message History

Confirm with . or Enter, or press ? or * to list all spells.
Aiming: Magic Dart (safe; 1% risk of failure)
Press: ? - help, Shift-Dir - straight line, f/p - wight
Aim: a wight, wielding a +3 dire flail and wearing a +0 robe (heavily damaged, 100% to hit)
The magic dart hits the wight but does no damage.
The wight is heavily damaged.
Casting: Magic Dart (safe; 1% risk of failure)
Confirm with . or Enter, or press ? or * to list all spells.
Aiming: Magic Dart (safe; 1% risk of failure)
Press: ? - help, Shift-Dir - straight line, f/p - wight
Aim: a wight, wielding a +3 dire flail and wearing a +0 robe (heavily damaged, 100% to hit)
The magic dart hits the wight.
The wight is heavily damaged.
The wight hits you with a +3 dire flail!
You feel drained.
Casting: Magic Dart (safe; 1% risk of failure)
Confirm with . or Enter, or press ? or * to list all spells.
Aiming: Magic Dart (safe; 1% risk of failure)
Press: ? - help, Shift-Dir - straight line, f/p - wight
Aim: a wight, wielding a +3 dire flail and wearing a +0 robe (heavily damaged, 100% to hit)
The magic dart hits the wight but does no damage.
The wight is heavily damaged.
The wight hits you with a +3 dire flail!
You feel drained.
* * * LOW HITPOINT WARNING * * *
Unknown command.
Casting: Magic Dart (safe; 1% risk of failure)
Confirm with . or Enter, or press ? or * to list all spells.
You blink.
You feel stable enough to blink again. The wight attacks as it pursues you!
The wight hits you with a +1 mace.
* * * LOW HITPOINT WARNING * * *
You feel drained.
* * * LOW HITPOINT WARNING * * *
Unknown command.
Casting: Blink (safe; 8% risk of failure)
Confirm with . or Enter, or press ? or * to list all spells.
You blink.
The wight hits you with a +3 dire flail!
You die...

##....z## #.#
#.......## ##.##
#.........####...##
+.###+###.z.......#
#. #.####)..## #
#.# ##ยง## +.# #z#
### #.### #.@.#
###z# #.# #.# #.#
.########.#
.......<..#
.##########


You could see 2 wights.

Vanquished Creatures
  2 ogres (D:4)
  A bullfrog (D:5)
  2 hounds (D:5)
  2 jellies (D:5)
  2 iguanas (D:4)
  A sleepcap (D:6)
  An orc wizard (D:5)
  5 adders
  An ufetubus (D:5)
  3 worms
  7 orcs
  8 bats
  5 endoplasms
  4 giant cockroaches
  7 goblins
  6 hobgoblins
  2 jackals (D:1)
  3 quokkas
  8 ball pythons
  4 frilled lizards
  7 kobolds
  4 rats
85 creatures vanquished.

Notes
Turn   | Place    | Note
-------+----------+-------------------------------------------
     0 | D:1      | pokeman the Deep Elf Hedge Wizard began the quest for the
                  | Orb.
     0 | D:1      | Reached XP level 1. HP: 10/10 MP: 7/7
   263 | D:1      | Reached XP level 2. HP: 15/15 MP: 4/9
   722 | D:1      | Reached skill level 5 in Spellcasting
  1154 | D:1      | Reached XP level 3. HP: 20/20 MP: 7/11
  1158 | D:1      | Learned a level 3 spell: Mephitic Cloud
  1161 | D:1      | Learned a level 2 spell: Call Imp
  1164 | D:1      | Learned a level 2 spell: Blink
  1435 | D:2      | Reached skill level 1 in Fighting
  1581 | D:2      | Reached skill level 1 in Armour
  2079 | D:2      | Reached XP level 4. HP: 17/25 MP: 2/13
  2974 | D:3      | Found a shadowy altar of Dithmenos.
  2974 | D:3      | Found a snail-covered altar of Cheibriados.
  2982 | D:3      | Found a stormy altar of Qazlal.
  2984 | D:3      | Found a glowing silver altar of Zin.
  2986 | D:3      | Found a faded altar of an unknown god.
  3272 | D:4      | Found Bamial's Antique Weapon Shop.
  3462 | D:4      | Noticed an ogre
  3472 | D:4      | Killed an ogre
  3473 | D:4      | Reached skill level 6 in Spellcasting
  3473 | D:4      | Reached skill level 1 in Air Magic
  3473 | D:4      | Reached XP level 5. HP: 29/29 MP: 6/15
  3476 | D:4      | Noticed Grinder
  3478 | D:4      | Paralysed by Grinder for 2 turns
  3488 | D:4      | Paralysed by Grinder for 5 turns
  3698 | D:4      | Noticed an ogre
  3706 | D:4      | Killed an ogre
  3707 | D:4      | Reached XP level 6. HP: 34/34 MP: 8/17
  3809 | D:4      | Found a shimmering altar of Xom.
  3809 | D:4      | Found a shimmering altar of Xom.
  3811 | D:4      | Found a shimmering altar of Xom.
  3815 | D:4      | Found a shimmering altar of Xom.
  3822 | D:4      | Reached skill level 1 in Poison Magic
  4276 | D:4      | Bought a bloodstained falchion for 216 gold pieces
  4276 | D:4      | Identified the +3 falchion "Bitzan" {flame, Fragile rPois
                  | Int+2} (You bought it in a shop on level 4 of the Dungeon)
  4360 | D:5      | Entered Level 5 of the Dungeon
  4372 | D:5      | Reached skill level 7 in Spellcasting
  4786 | D:5      | Reached XP level 7. HP: 39/40 MP: 13/20
  5072 | D:6      | Reached skill level 8 in Spellcasting
  5206 | D:6      | HP: 1/34 [wight/+1 mace (3)]
  5207 | D:6      | Mangled by a wight

Illustrated notes

Levels and vault maps discovered:
D:1:      elethiomel_arrival_infinity_welcomes_careful_drivers, layout_rooms,
          minmay_3d_cube
D:2:      wander_river, layout_basic, minmay_shallow_snake_nest
D:3:      layout_loops_corners, chequers_temple_overflow_minitemple
D:4:      layout_loops_ring, xom_redecorated, serial_shops, shop, uniq_grinder
D:5:      layout_rooms
D:6:      kennysheep_slugbush, layout_loops_corners, mainiacjoe_overflow_paths,
          minmay_temple_entry_hall

Skill      XL: |  1  2  3  4  5  6  7 |
---------------+----------------------+-----
Spellcasting   | 5 6 7 8 |  8.0
Fighting       | 1 2 |  2.0
Armour         | 1 |  1.2
Conjurations   | 2 3 |  3.9
Stealth        | 3 |  3.0
Dodging        | 3 |  3.2
Air Magic      | 1 |  1.0
Poison Magic   | 1 |  1.0
Summonings     | |  1.1
Translocations | |  1.1
Evocations     | |  0.7

Action                     |  1- 3 |  4- 6 |  7- 9 || total
---------------------------+-------+-------+-------++-------
  Melee: Dagger            |       |    55 |    11 ||    66
         Punch             |       |       |     1 ||     1
   Cast: Magic Dart        |   119 |    64 |    21 ||   204
         Mephitic Cloud    |       |    10 |       ||    10
         Call Imp          |       |     1 |     3 ||     4
         Blink             |       |       |     2 ||     2
   Stab: Confused          |       |     7 |       ||     7
         Distracted        |       |       |     1 ||     1
 Armour: Robe              |    16 |    19 |    13 ||    48
  Dodge: Dodged            |    20 |    25 |     6 ||    51

Table legend: (Time is in decaauts)
 A = Elapsed time spent in this place.
 B = Non-inter-level travel time spent in this place.
 C = Inter-level travel time spent in this place.
 D = Time resting spent in this place.
 E = Time spent auto-exploring this place.
 F = Levels seen in this place.
 G = Mean time per level.
                   A        B        C        D        E       F      G
               +--------+--------+--------+--------+--------+-----+--------+
         Total |   5229 |   4943 |    286 |      0 |   4355 |   6 |  871.5 |
       Dungeon |   5229 |   4943 |    286 |      0 |   4355 |   6 |  871.5 |
               +--------+--------+--------+--------+--------+-----+--------+

Top non-repeatable levels by time:
     D:1: 1246 daAuts
     D:4: 1063 daAuts
     D:3: 1056 daAuts
     D:2: 1015 daAuts
     D:5: 687 daAuts
     D:6: 158 daAuts
